 Seeded DCSS version 0.29-a0-334-gb41bcbb86e (webtiles) character file.

Game seed: 16680347543535142200 (custom seed)

438 zeratav the Insei (level 7, -3/43 (46) HPs)
             Began as an Octopode Transmuter on Apr 14, 2022.
             Slain by a wight
             ... wielding a +3 scimitar of freezing
              (6 damage)
             ... on level 5 of the Dungeon.
             The game lasted 00:07:51 (5299 turns).

zeratav the Insei (Octopode Transmuter)             Turns: 5299, Time: 00:07:52

HP:   -3/43 (46)    AC:  1    Str: 15    XL:     7   Next: 1%
MP:   0/10          EV: 15    Int: 15    God:
Gold: 200           SH:  0    Dex: 19    Spells: 7/10 levels left

rFire   . . .      SeeInvis +     - Unarmed
rCold   . . .      Faith    .   (no shield)
rNeg    . . .      Spirit   .   (helmet restricted)
rPois   +          Reflect  .   (no amulet)
rElec   .          Harm     .   h - ring of Womuz {*Corrode rPois Str+6 Dex+4 SInv}
rCorr   .          Rampage  .   l - ring of wizardry
Will    .....                   (no ring)
Stlth   ++++......              (no ring)
HPRegen 0.14/turn               (no ring)
MPRegen 0.12/turn               (no ring)
                                (no ring)
                                (no ring)

@: about to teleport, very slightly contaminated, drained
A: almost no armour, amphibious, 8 rings, camouflage 1, gelatinous body 1,
(nimble swimmer 1), tentacles
a: no special abilities


You were on level 5 of the Dungeon.
You visited 1 branch of the dungeon, and saw 5 of its levels.

You collected 200 gold pieces.


Innate Abilities, Weirdness & Mutations

You cannot wear most types of armour.
You are amphibious.
You can wear up to eight rings at the same time.
Your skin changes colour to match your surroundings (Stealth+).
Your rubbery body absorbs attacks. (AC +1, EV +1)
((You are camouflaged when in or above water. (Stealth+)))
You have tentacles for arms and can constrict up to eight enemies at once.


   Skills:
 + Level 3.0 Fighting
 + Level 3.6 Dodging
 + Level 4.2 Stealth
 * Level 5.3 Unarmed Combat
 - Level 2.0 Spellcasting
 - Level 2.0 Transmutations


You had 7 spell levels left.
You knew the following spells:

 Your Spells              Type           Power      Damage    Failure   Level
b - Spider Form           Tmut/Pois      4%         N/A       17%         3

Your spell library contained the following spells:

 Spells                   Type           Power      Damage    Failure   Level
 Beastly Appendage        Tmut           14%        N/A       4%          1
 Wereblood                Tmut           7%         N/A       6%          2
 Ignite Poison            Fire/Tmut/Pois 3%         N/A       21%         3
 Mephitic Cloud           Conj/Pois/Air  1%         N/A       26%         3
 Ozocubu's Armour         Ice            1%         N/A       26%         3
 Ice Form                 Ice/Tmut       4%         N/A       47%         4
 Animate Dead             Necr           0%         N/A       61%         4
 Olgreb's Toxic Radiance  Pois           1%         N/A       61%         4
 Freezing Cloud           Conj/Ice/Air   0%         6-21      91%         5
 Simulacrum               Ice/Necr       0%         N/A       100%        6
 Haunt                    Necr/Summ      0%         N/A       100%        7
 Infestation              Necr           0%         N/A       100%        8

Inventory:

Jewellery
 h - the ring of Womuz (left tentacle) {*Corrode rPois Str+6 Dex+4 SInv}
   (You found it on level 2 of the Dungeon)

   [ring of strength]

   Str:       It affects your strength (+6).
   Dex:       It affects your dexterity (+4).
   rPois:     It protects you from poison.
   SInv:      It lets you see invisible.
   *Corrode:  It may corrode you when you take damage.
 l - a ring of wizardry (right tentacle)
   (You found it on level 2 of the Dungeon)
 o - an amulet of guardian spirit
   (You found it on level 3 of the Dungeon)
Scrolls
 b - 3 scrolls of teleportation {@r4}
 e - 2 scrolls of enchant armour {unknown}
 j - 2 scrolls of enchant weapon {unknown}
 p - a scroll of magic mapping {unknown}
 q - a scroll of silence {!r}
 r - a scroll of blinking {unknown}
Potions
 a - a potion of lignification {!q}
 c - a potion of attraction {unknown}
 d - 3 potions of curing {unknown}
 f - a potion of might {unknown}
 g - a potion of mutation {unknown}
 i - a potion of degeneration {unknown}
 k - 2 potions of heal wounds {unknown}
 m - a potion of brilliance {unknown}
 n - a potion of haste {unknown}

Dungeon Overview and Level Annotations

Branches:
Dungeon (5/15)
 Temple: D:4-7

Altars:
Kikubaaqudgha
Xom

Shops:
D:4 : D:5

* # ##### .. ...# ####### .#
#..###.#####....z# .#
#.z......zz).###z# .#
....##.#########@####.#
#..###.# #.)..........###
.....#.# #.###...........
....# .....z.# #.# #.......###
#...# ####.### #.#
#.......#### #..>#
#z#####.###.#........# #...# .
#.#.........##.#..##.###...##.
#z#.....##..##................
..#.....##....................


You could see 2 wights.


Message History

You bite the white imp!
You kill the white imp!
You have reached level 7!
HP[+1]
You now have 46 max hp (+4).
You start resting.
Your magical contamination has completely faded away.
Your transformation has ended.
HP[+2] MP[+1]
You regained 2 hp, and now have 19/46 hp.
You start resting.
HP[+6] MP[+6]
You regained 6 hp, and now have 25/46 hp.
Your mp is fully restored (10).
You start resting.
HP[+21]
Your hp is fully restored (46).
You start waiting.
Done waiting.
Found a stone staircase leading down.
r - a scroll labelled XUERRI REEB You see here a +0 shortbow {bow}.
You see here a +0 mace {mace}.
A wight comes into view.
It is wielding the +6 quarterstaff of Righteous Fury {vorpal, rC++}. 2 wights come into view.
A wight is wielding a +3 scimitar of freezing.
The wight moves out of view.
You see here a +0 mace {mace}.
Casting: Spider Form (dangerous; 17% risk of failure)
Confirm with . or Enter, or press ? or * to list all spells.
You turn into a venomous arachnid creature.
Your transformation is almost over.
MP[-3]
You lost 3 mp, and now have 7/10 mp.
MP[+1]
Your transformation has ended.
The wight throws a stone.
The stone closely misses you.
MP[+1]
The wight throws a stone.
The stone closely misses you.
MP[+1]
Your mp is fully restored (10).
Casting: Spider Form (dangerous; 17% risk of failure)
Confirm with . or Enter, or press ? or * to list all spells.
You turn into a venomous arachnid creature.
MP[-3]
You lost 3 mp, and now have 7/10 mp.
The wight throws a stone.
The stone barely misses you.
The wight throws a stone.
The stone completely misses you.
The wight throws a stone.
The stone closely misses you.
The wight throws a stone.
The stone hits you.
You see here a +0 mace {mace}.
HP[-5]
You take 5 damage, and now have 41/46 hp.
The wight throws a stone.
The stone completely misses you.
HP[+1] MP[+1]
Your transformation has ended.
You start resting.
A wight is nearby!
Casting: Spider Form (dangerous; 17% risk of failure)
Confirm with . or Enter, or press ? or * to list all spells.
You miscast Spider Form.
You are very lightly contaminated with residual magic.
Nothing appears to happen.
HP[+1] MP[-3]
You lost 3 mp, and now have 5/10 mp.
Casting: Spider Form (dangerous; 17% risk of failure)
Confirm with . or Enter, or press ? or * to list all spells.
You miscast Spider Form.
Nothing appears to happen.
The wight hits you with a +3 scimitar of freezing!
The wight freezes you.
HP[-15] MP[-3]
You take 15 damage, and now have 28/46 hp.
MASSIVE DAMAGE!! (PAUSE)
You lost 3 mp, and now have 2/10 mp.
Casting: Spider Form (dangerous; 17% risk of failure)
Confirm with . or Enter, or press ? or * to list all spells.
You don't have enough magic to cast this spell.
As you read the scroll labelled WETIEH LUZOA, it crumbles to dust.
You feel strangely unstable.
It was a scroll of teleportation.
The wight hits you with a +3 scimitar of freezing.
* * * LOW HITPOINT WARNING * * *
You feel drained.
* * * LOW HITPOINT WARNING * * *
The wight freezes you.
* * * LOW HITPOINT WARNING * * *
HP[-11] MP[+1]
You now have 45 max hp (-1).
You take 11 damage, and now have 17/45 hp.
MASSIVE DAMAGE!! (PAUSE)
Casting: Spider Form (dangerous; 17% risk of failure)
Confirm with . or Enter, or press ? or * to list all spells.
You miscast Spider Form.
Nothing appears to happen.
The wight hits you with a +3 scimitar of freezing!
* * * LOW HITPOINT WARNING * * *
You feel drained.
* * * LOW HITPOINT WARNING * * *
The wight freezes you.
You die...

Skill      XL: |  1  2  3  4  5  6 |
---------------+-------------------+-----
Stealth        | 1 2 3 4 |  4.2
Fighting       | 2 3 |  3.0
Dodging        | 3 |  3.6
Unarmed Combat | 4 5 |  5.3
Spellcasting   | |  2.0
Transmutations | |  2.0

Action                   |  1- 3 |  4- 6 |  7- 9 || total
-------------------------+-------+-------+-------++-------
Melee: Unarmed           |    48 |    93 |       ||   141
       Constrict         |    12 |     7 |       ||    19
       Kick              |    15 |     4 |       ||    19
       Tentacles         |     5 |     4 |       ||     9
       Punch             |       |     2 |       ||     2
 Cast: Beastly Appendage |    22 |     8 |       ||    30
       Spider Form       |     3 |    15 |     2 ||    20
  Use: Scroll            |       |     6 |     1 ||     7
 Stab: Sleeping          |     1 |     6 |       ||     7
       Distracted        |       |     1 |       ||     1
Armor: Skin              |     4 |     7 |       ||    11
Dodge: Dodged            |    25 |    79 |     6 ||   110

Levels and vault maps discovered:
D:1:      lemuel_arrival_funnel, layout_rooms,
          dreamdust_ecumenical_altar_hidden_monk_grotto,
          hangedman_abyss_or_decor_lesser_grid
D:2:      layout_basic
D:3:      due_chaos_kobolds, layout_basic
D:4:      layout_rooms, tgw_kikubaaqudgha, serial_curves, eino_curves_01,
          eino_curves_02, eino_curves_04, eino_curves_04, st_stairs_3,
          nicolae_take_the_stairs
D:5:      layout_loops_cross, serial_shops, nicolae_shop_hallway_plus

Notes
Turn   | Place    | Note
-------+----------+-------------------------------------------
     0 | D:1      | zeratav the Octopode Transmuter began the quest for the
                  | Orb.
     0 | D:1      | Reached XP level 1. HP: 13/13 MP: 3/3
     0 | D:1      | magus.rc [v1.9.6]
   296 | D:1      | Reached XP level 2. HP: 18/18 MP: 3/5
   384 | D:1      | You add the spells Ozocubu's Armour, Olgreb's Toxic
                  | Radiance and Simulacrum to your library.
   384 | D:1      | Got the Grimoire of Cold and Envenoming
   491 | D:1      | Reached skill level 1 in Stealth
   562 | D:1      | Found a faded altar of an unknown god.
   929 | D:2      | Identified the ring of Womuz {*Corrode rPois Str+6 Dex+4
                  | SInv}
   943 | D:2      | You pick up a book of Death and begin reading...
   943 | D:2      | You add the spells Animate Dead, Haunt and Infestation to
                  | your library.
  1143 | D:2      | Reached XP level 3. HP: 21/23 MP: 4/6
  1147 | D:2      | Learned a level 3 spell: Spider Form
  2003 | D:2      | Reached skill level 2 in Stealth
  2117 | D:3      | Reached XP level 4. HP: 29/29 MP: 5/7
  2381 | D:3      | Found a large runed translucent door.
  2381 | D:3      | Found a large runed translucent door.
  2391 | D:3      | Found a shimmering altar of Xom.
  3187 | D:4      | Noticed a phantom
  3209 | D:4      | Killed a phantom
  3210 | D:4      | Reached skill level 2 in Fighting
  3210 | D:4      | Reached skill level 3 in Dodging
  3210 | D:4      | Reached skill level 4 in Unarmed Combat
  3210 | D:4      | Reached XP level 5. HP: 13/34 MP: 2/8
  3220 | D:4      | Reached skill level 3 in Stealth
  3409 | D:4      | Found an ancient bone altar of Kikubaaqudgha.
  3579 | D:4      | You add the spells Ignite Poison, Mephitic Cloud and
                  | Freezing Cloud to your library.
  3966 | D:4      | Noticed a black bear
  3979 | D:4      | Killed a black bear
  3980 | D:4      | Reached skill level 5 in Unarmed Combat
  3980 | D:4      | Reached XP level 6. HP: 12/41 MP: 6/9
  4293 | D:4      | Noticed a human
  4294 | D:4      | Killed a human
  4343 | D:4      | Found Ceapt's Book Shop.
  4464 | D:5      | Entered Level 5 of the Dungeon
  4561 | D:5      | Reached skill level 4 in Stealth
  4649 | D:5      | Reached skill level 3 in Fighting
  4865 | D:5      | Found Xaih's Assorted Antiques.
  4902 | D:5      | Reached XP level 7. HP: 17/46 MP: 3/10
  5249 | D:5      | Identified the +6 quarterstaff of Righteous Fury {vorpal,
                  | rC++}
  5299 | D:5      | HP: 5/45 [wight/+3 scimitar of freezing (12)]
  5299 | D:5      | Slain by a wight

Vanquished Creatures
  A black bear (D:4)
  A phantom (D:4)
  2 hounds
  An orc wizard (D:4)
  2 iguanas
  7 gnolls
  An adder (D:3)
  A white imp (D:5)
  A worm (D:2)
  2 orcs (D:4)
  4 ball pythons
  4 endoplasms
  A giant cockroach (D:3)
  4 goblins
  9 hobgoblins
  9 kobolds
  A quokka (D:2)
  4 bats
  3 frilled lizards
  A rat (D:1)
59 creatures vanquished.

Vanquished Creatures (others)
  A human (D:4)
1 creature vanquished.

Grand Total: 60 creatures vanquished

Table legend:
 A = Non-vault XP
 B = Vault XP
 C = Vault XP percentage of total XP
 D = Non-vault monster count
 E = Vault monster count
 F = Vault count percentage of total count
                 A         B        C        D         E       F
            +---------+---------+-------+---------+---------+-------
      Total |     491 |     135 |  21.6 |      53 |       6 |  10.2
            +---------+---------+-------+---------+---------+-------
        D:1 |      13 |       0 |   0.0 |       8 |       0 |   0.0
        D:2 |      66 |       0 |   0.0 |      16 |       0 |   0.0
        D:3 |      31 |       5 |  13.9 |      11 |       4 |  26.7
        D:4 |     246 |     130 |  34.6 |      12 |       2 |  14.3
        D:5 |     135 |       0 |   0.0 |       6 |       0 |   0.0
            +---------+---------+-------+---------+---------+-------

Illustrated notes

Table legend:
 A = Kills in this place as a percentage of kills in entire the game.
 B = Kills by you in this place as a percentage of kills by you in the entire game.
 C = Kills by friends in this place as a percentage of kills by friends in the entire game.
 D = Other kills in this place as a percentage of other kills in the entire game.
 E = Experience gained in this place as a percentage of experience gained in the entire game.
 F = Experience gained in this place divided by the number of levels of this place that you have seen.
                   A       B       C       D       E      F
               +-------+-------+-------+-------+-------+----------------------
         Total | 100.0 | 100.0 |   N/A |   N/A | 100.0 | 125.2
       Dungeon | 100.0 | 100.0 |   N/A |   N/A | 100.0 | 125.2
               +-------+-------+-------+-------+-------+----------------------

Table legend: (Time is in decaauts)
 A = Elapsed time spent in this place.
 B = Non-inter-level travel time spent in this place.
 C = Inter-level travel time spent in this place.
 D = Time resting spent in this place.
 E = Time spent auto-exploring this place.
 F = Levels seen in this place.
 G = Mean time per level.
                   A        B        C        D        E       F      G
               +--------+--------+--------+--------+--------+-----+--------+
         Total |   5289 |   5139 |    150 |   1797 |   2422 |   5 | 1057.8 |
       Dungeon |   5289 |   5139 |    150 |   1797 |   2422 |   5 | 1057.8 |
               +--------+--------+--------+--------+--------+-----+--------+

Top non-repeatable levels by time:
     D:4: 1365 daAuts
     D:2: 1215 daAuts
     D:3: 1116 daAuts
     D:1: 835 daAuts
     D:5: 757 daAuts
